 Dungeon Crawl Stone Soup version 0.27.0-1-g7a089689b8 (webtiles) character file.

Game seed: 13263581731174883898

99 sanka the Conjurer (level 4, 0/36 HPs)
             Began as a Ghoul Conjurer on Aug 8, 2021.
             Slain by Purgy (3 damage)
             ... in a sewer.
             The game lasted 00:05:07 (3292 turns).

sanka the Conjurer (Ghoul Conjurer)                 Turns: 3292, Time: 00:05:08

Health: 0/36       AC:  2    Str: 10    XL:     4   Next: 72%
Magic:  5/6        EV: 12    Int: 14    God:
Gold:   145        SH:  0    Dex: 13    Spells: 4/7 levels left

rFire    . . .     SeeInvis .   k - +0 trident
rCold    + . .     Faith    .   (no shield)
rNeg     + + +     Spirit   .   a - +0 robe
rPois    ∞         Reflect  .   (no helmet)
rElec    .         Harm     .   (no cloak)
rCorr    .         Rampage  .   (no gloves)
Will     .....                  (no boots)
Stlth    ++........             (no amulet)
HPRegen  0.00/turn              (no ring)
MPRegen  0.10/turn              d - +6 ring of dexterity

@: inhibited regen
A: claws 1, cold resistance 1, negative energy resistance 3, inhibited
regeneration, torment resistance 2
a: no special abilities


You were in a sewer.
You visited 1 branch of the dungeon, and saw 3 of its levels.
You also visited: Sewer.

You collected 145 gold pieces.


Innate Abilities, Weirdness & Mutations

You thrive by killing the living.
You are immune to poison.
You have sharp fingernails.
Your flesh is cold resistant. (rC+)
You are immune to negative energy. (rN+++)
You do not regenerate when monsters are visible.
You are immune to unholy pain and torment.


   Skills:
 - Level 2.0 Fighting
 - Level 1.7 Dodging
 - Level 2.1 Stealth
 - Level 2.0 Spellcasting
 + Level 4.5 Conjurations


You had 4 spell levels left.
You knew the following spells:

 Your Spells              Type           Power      Damage    Failure   Level
x - Searing Ray           Conj           28%        3d4       5%          2
z - Magic Dart            Conj           56%        1d5       3%          1

Your spell library contained the following spells:

 Spells                   Type           Power      Damage    Failure   Level
 Dazzling Flash           Conj/Hex       14%        N/A       28%         3
 Fulminant Prism          Conj/Hex       3%         3d6       67%         4
 Iskenderun's Mystic Bla  Conj/Tloc      7%         2d4       67%         4
 Petrify                  Tmut/Erth      1%         N/A       93%         4
 Irradiate                Conj/Tmut      3%         3d15      95%         5
 Sublimation of Blood     Necr           Unusable   N/A       N/A         2

Inventory:

Hand Weapons
 k - a +0 trident (weapon)
Armour
 a - a +0 robe (worn)
Jewellery
 d - a +6 ring of dexterity (right claw)
Scrolls
 f - a scroll of teleportation {unknown}
 h - a scroll of identify {unknown}
 l - a scroll of magic mapping {unknown}
 m - a scroll of blinking {unknown}
 n - a scroll of acquirement {unknown}
Potions
 b - 2 potions of brilliance {unknown}
 c - a potion of degeneration {unknown}
 e - 2 potions of heal wounds {unknown}
 g - a potion of haste {unknown}
 i - a potion of resistance {unknown}
 j - a potion of lignification {unknown}

Dungeon Overview and Level Annotations

Branches:
Dungeon (3/15)              Sewer (1/1)

Altars:

Annotations:
Sewer Purgy

▒▒▒▒▒▒▒
▒▒..[Tn▒▒
▒...(...▒
▒.......▒
▒.......▒
▒.......▒
▒.......▒
▒▒.....▒▒
▒▒▒.▒▒▒
▒▒▒▒▒▒▒
▒.▒
▒▒..†..▒▒


You could see Purgy.


Message History

You see here a scroll labelled BEMI QAKLU.
n - a scroll labelled BEMI QAKLU Purgy barely misses you.
Purgy closely misses you. Purgy claws you. Purgy bites you.
* * * LOW HITPOINT WARNING * * *
Purgy claws you.
* * * LOW HITPOINT WARNING * * *
Purgy claws you but does no damage.
You see here 11 gold pieces.
You now have 126 gold pieces (gained 11).
Purgy bites you.
* * * LOW HITPOINT WARNING * * *
Purgy claws you but does no damage. Purgy barely misses you.
You see here 16 stones.
You see here 9 gold pieces.
You now have 135 gold pieces (gained 9).
Purgy barely misses you. Purgy claws you but does no damage. Purgy misses you.
You see here 10 gold pieces.
You now have 145 gold pieces (gained 10).
Purgy bites you.
* * * LOW HITPOINT WARNING * * *
Purgy claws you.
* * * LOW HITPOINT WARNING * * *
Purgy claws you.
You die...

Action                   |  1- 3 |  4- 6 || total
-------------------------+-------+-------++-------
Melee: Unarmed           |    47 |       ||    47
       Trident           |       |    42 ||    42
 Cast: Magic Dart        |    83 |    32 ||   115
       Searing Ray       |       |     1 ||     1
 Stab: Sleeping          |       |     1 ||     1
Armor: Robe              |     9 |    20 ||    29
Dodge: Dodged            |    32 |    45 ||    77

Levels and vault maps discovered:
D:1:      minmay_arrival_open_corners, layout_basic
D:2:      layout_basic, serial_aquarium, aquarium_bridge_island_small
          [aquarium_subvault_small_open, aquarium_subvault_window,
          aquarium_subvault_bridge, aquarium_subvault_bridge,
          aquarium_subvault_bridge], aquarium_bridge_square
          [aquarium_subvault_bridge, aquarium_subvault_bridge,
          aquarium_subvault_bridge, aquarium_subvault_bridge],
          aquarium_window_1, aquarium_window_1, aquarium_window_fake,
          aquarium_window_2, aquarium_view_2f, aquarium_pool_side,
          serial_bayou_ford_a
D:3:      layout_basic, mainiacjoe_overflow_24_doors, trog_hazing_becter,
          shapermc_ecumenical_altar_totnotflames, portal_sewer_entry_f
Sewer:    sewer_big_baddie

Notes
Turn   | Place    | Note
-------+----------+-------------------------------------------
     0 | D:1      | sanka the Ghoul Conjurer began the quest for the Orb.
     0 | D:1      | Reached XP level 1. HP: 14/14 MP: 2/2
   174 | D:1      | Reached skill level 1 in Fighting
   379 | D:1      | Reached XP level 2. HP: 22/24 MP: 1/3
   406 | D:1      | Learned a level 2 spell: Searing Ray
   609 | D:1      | Reached skill level 2 in Fighting
   683 | D:1      | Reached skill level 2 in Spellcasting
   861 | D:1      | Reached XP level 3. HP: 22/29 MP: 1/5
  2114 | D:2      | Reached skill level 4 in Conjurations
  2179 | D:2      | Reached XP level 4. HP: 36/36 MP: 2/6
  2957 | D:3      | Found a faded altar of an unknown god.
  3031 | D:3      | Found a glowing drain.
  3151 | Sewer    | Entered a sewer
  3222 | Sewer    | Noticed Purgy
  3292 | Sewer    | HP: 3/36 [Purgy (2)]
  3292 | Sewer    | Slain by Purgy

Vanquished Creatures
  3 adders (D:2)
  5 dart slugs
  An orc (D:2)
  3 ball pythons
  4 endoplasms
  6 giant cockroaches
  2 goblins (D:1)
  5 hobgoblins
  3 jackals (D:1)
  3 quokkas
  10 bats
  A frilled lizard (D:1)
  4 kobolds
  8 rats
58 creatures vanquished.

Vanquished Creatures (others)
  15 plants (D:2)
15 creatures vanquished.

Grand Total: 73 creatures vanquished
